 Dungeon Crawl Stone Soup version 0.32-a0-799-g95e1662365 (webtiles) character file.

Game seed: 7588368046466762830

114736 Orlauf the Executioner (level 16, -3/152 HPs)
             Began as a Minotaur Fighter on Mar 21, 2024.
             Was the Champion of Okawaru.
             Succumbed to a merfolk impaler's poison
             ... on level 1 of the Shoals.
             The game lasted 00:43:24 (22478 turns).

Orlauf the Executioner (Minotaur Fighter)          Turns: 22478, Time: 00:43:25

Health: -3/152     AC: 28    Str: 33    XL:     16   Next: 17%
Magic:  18/24      EV:  9    Int:  5    God:    Okawaru [******]
Gold:   3167       SH:  0    Dex: 10    Spells: 15/15 levels left

rFire   . . .        a - +3 battleaxe (freeze)
rCold   . . .        (shield currently unavailable)
rNeg    . . .        s - +0 plate armour
rPois   .            u - +2 hat
rElec   .            l - +1 cloak
rCorr   .            (no gloves)
SInv    .            i - +2 pair of boots
Will    +....        V - amulet of regeneration Stlth
                     h - +4 ring of slaying
HPRegen 1.25/turn    y - ring of the Thirsty Geomancers {Fly Str+4}
MPRegen 0.19/turn

%: no passive effects
@: lethally poisoned (-3 -> -57), heroic, finesse-ful, flying
A: horns 2, retaliatory headbutt
a: Renounce Religion, Heroism, Finesse, Duel, Receive Armour


You were on level 1 of the Shoals.
You worshipped Okawaru.
Okawaru was exalted by your worship.
You visited 4 branches of the dungeon, and saw 22 of its levels.
You also visited: Ice Cave.

You collected 3167 gold pieces.

Inventory:

Hand Weapons
 a - a +3 battleaxe of freezing (weapon)
 b - a +0 battleaxe of flaming
 D - a +0 demon whip of venom
 L - a +4 broad axe of electrocution
Missiles
 A - 13 curare-tipped darts
 E - 4 throwing nets
Armour
 i - a +2 pair of boots (worn)
 l - a +1 cloak (worn)
 s - a +0 plate armour (worn)
 u - a +2 hat (worn)
 x - +0 ice dragon scales
Jewellery
 h - a +4 ring of slaying (left hand)
 k - a ring of willpower
 y - the ring of the Thirsty Geomancers (right hand) {Fly Str+4}
   (You acquired it on level 7 of the Dungeon)

   [ring of flight]

   Str+4:     It affects your strength (+4).
   Fly:       It grants you flight.
 z - a +4 ring of slaying
 C - a +4 ring of protection
 K - a +5 ring of evasion
 S - the ring "Meurukli" {rF+ EV+5 Str-3 Int+2}
   (You found it in an ice cave)

   [ring of evasion]

   EV+5:      It affects your evasion (+5).
   Str-3:     It affects your strength (-3).
   Int+2:     It affects your intelligence (+2).
   rF+:       It protects you from fire.
 T - a ring of ice
 U - an amulet of reflection
 V - an amulet of regeneration (around neck)
Wands
 v - a wand of polymorph (18)
 B - a wand of paralysis (2)
 J - a wand of acid (1)
 R - a wand of flame (6) (quivered)
 W - a wand of iceblast (1)
 X - a wand of mindburst (8)
 Z - a wand of digging (3)
Scrolls
 d - 2 scrolls of fog
 g - 5 scrolls of teleportation
 j - 2 scrolls of torment
 r - 2 scrolls of fear
 t - 3 scrolls of revelation
 F - 7 scrolls of enchant armour
 G - 2 scrolls of poison
 H - 3 scrolls of identify
 M - a scroll of amnesia
 N - 2 scrolls of enchant weapon
 P - 2 scrolls of vulnerability
 Y - a scroll of blinking
Potions
 c - a potion of cancellation
 e - 2 potions of mutation
 f - 2 potions of invisibility
 m - 7 potions of curing
 n - 4 potions of enlightenment
 o - a potion of haste
 p - a potion of heal wounds
 q - 2 potions of berserk rage
 w - 4 potions of ambrosia
 O - 2 potions of attraction
 Q - 3 potions of magic
Miscellaneous
 I - a phial of floods


   Skills:
 + Level 16.5(21.5) Fighting
 * Level 22.1(27) Axes
 + Level 16.5(21.5) Armour
 - Level 3.6(8.6) Shields
 + Level 12.4 Invocations


You had 15 spell levels left.
You didn't know any spells.
Your spell library contained the following spells:

 Spells                   Type           Power      Damage    Failure   Level
 Apportation              Tloc           0%         N/A       87%         1
 Necrotise                Necr           0%         1d4       87%         1
 Sandblast                Erth           0%         2d4       87%         1
 Sting                    Conj/Alch      0%         1d3       87%         1
 Lesser Beckoning         Tloc           0%         N/A       95%         2
 Mercury Vapours          Alch/Air       0%         N/A       95%         2
 Gell's Gravitas          Tloc           0%         N/A       99%         3
 Mephitic Cloud           Conj/Alch/Air  0%         N/A       99%         3
 Stone Arrow              Conj/Erth      0%         3d7       99%         3
 Teleport Other           Tloc           0%         N/A       99%         3
 Brom's Barrelling Bould  Conj/Erth      0%         2d3       100%        4
 Ignite Poison            Fire/Alch      0%         N/A       100%        4
 Olgreb's Toxic Radiance  Alch           0%         N/A       100%        4
 Sticky Flame             Fire/Alch      0%         2d4       100%        4
 Borgnjor's Vile Clutch   Necr/Erth      0%         N/A       100%        5
 Freezing Cloud           Conj/Ice/Air   0%         6-21      100%        5
 Lee's Rapid Deconstruct  Erth           0%         3d4*      100%        5
 Ozocubu's Refrigeration  Ice            0%         4d7       100%        7
 Discord                  Hex            0%         N/A       100%        8
 Ignition                 Fire           0%         3d3       100%        8
 Lehudib's Crystal Spear  Conj/Erth      0%         10d2      100%        8
 Summon Small Mammal      Summ           Unusable   N/A       N/A         1
 Tukima's Dance           Hex            Unusable   N/A       N/A         3
 Animate Armour           Summ/Erth      Unusable   N/A       N/A         4
 Animate Dead             Necr           Unusable   N/A       N/A         4
 Summon Lightning Spire   Summ/Air       Unusable   N/A       N/A         4
 Death Channel            Necr           Unusable   N/A       N/A         6
 Summon Horrible Things   Summ           Unusable   N/A       N/A         8

Dungeon Overview and Level Annotations

Branches:
Dungeon (14/15)            Temple (0/1) D:6            Lair (5/5) D:9
 Shoals (1/4) Lair:3        Snake (0/4) Lair:2        Slime (0/5) Lair:4
    Orc (2/2) D:12            Elf (0/3) Orc:2        Vaults (0/5) D:14
  IceCv (visited)

Altars:
Dithmenos
Fedhas
Gozag
Hepliaklqana
Kikubaaqudgha
Okawaru
Uskayaw
Wu Jian
Xom
Zin
Beogh
Jiyva

Shops:
D:8 :   D:11 [   Orc:2 *=((

Portals:
Trove: D:12 (give +8 demon blade)

Annotations:
D:6 2 transporters


Innate Abilities, Weirdness & Mutations

You have a pair of horns on your head.
You reflexively headbutt those who attack you in melee.


Message History

The merfolk impaler hits you from afar with a +5 trident of flaming!
* * * LOW HITPOINT WARNING * * *
The merfolk impaler burns you.
* * * LOW HITPOINT WARNING * * *
The merfolk impaler hits you but does no damage.
You are more poisoned.
The merfolk impaler hits you but does no damage.
You are more poisoned.
The merfolk hits you but does no damage.
The merfolk javelineer throws a silver javelin.
The silver javelin pierces through you but does no damage.
* * * LOW HITPOINT WARNING * * *
The merfolk hits you but does no damage.
The merfolk impaler hits you from afar with a +5 trident of flaming.
* * * LOW HITPOINT WARNING * * *
The merfolk impaler burns you.
* * * LOW HITPOINT WARNING * * *
Unknown command.
You feel much better.
* * * LOW HITPOINT WARNING * * *
You feel extremely sick. The merfolk impaler closely misses you.
The merfolk completely misses you. The merfolk impaler barely misses you.
The merfolk impaler hits you but does no damage.
The merfolk throws a throwing net.
The throwing net hits you.
You become entangled in the net!
The merfolk impaler hits you with a +1 trident of venom!
* * * LOW HITPOINT WARNING * * *
You are more poisoned.
The merfolk javelineer throws a silver javelin.
The silver javelin pierces through you but does no damage.
* * * LOW HITPOINT WARNING * * *
The merfolk impaler hits you but does no damage.
You are more poisoned.
The merfolk hits you but does no damage.
Unknown command.
Blink to where?
Press: ? - help, Dir - move target
As you read the scroll of blinking, it crumbles to dust.
You die...

. ##..m##≈≈........~~P
.≈#..mm)#..........~P~
.≈#..mm§'........PPPP~
.≈#..=m)#..)......^~P~
..≈##..m##≈≈.....P..~~~ ..
#####≈≈≈)......~~P~
≈≈≈≈≈≈≈P..P....~P~~~
~~~~.~~~PPP...P.~~~~~
~~~~..P~PP.PP@P.PP~~~~
~~~~~P~P~~P...P.P.~P~~≈≈≈≈≈
~PPPPP~P....PP~~~~≈≈≈≈≈≈
~P~~~P~P....~~~~~~≈≈≈≈≈≈ ≈≈≈
~~~~~~P~~...~~~~~~≈≈≈≈≈≈ ≈≈≈
≈PPP~~P~~~~~~~~~~~~~≈≈≈≈ ≈≈≈
≈≈~~~~~~~~~~~~~~~~~~≈≈≈≈
≈≈≈≈≈≈≈≈≈≈≈P~~≈≈≈≈≈≈≈~~~.~~~~≈≈≈
~~≈≈≈≈≈≈≈≈≈~~~≈≈≈≈≈≈~.[..~~~~≈≈≈


There were no monsters in sight!

Vanquished Creatures
  A frost giant (IceCv)
  An orc warlord (Orc:2)
  2 merfolk javelineers (Shoals:1)
  Harold (D:9)
  3 hydras
  An ice dragon (D:14)
  3 centaur warriors (D:13)
  An anaconda (Lair:5)
  A catoblepas (Lair:1)
  4 boulder beetles
  4 two-headed ogres
  8 death yaks
  A tengu warrior (D:13)
  5 orc high priests
  3 deep elf knights (D:14)
  5 skysharks
  Amaemon (D:10)
  An arcanist (D:14)
  A deep elf archer (D:14)
  3 obsidian bats (Orc:2)
  2 lindwurms (Lair:5)
  3 orc knights (Orc:2)
  Pikel (D:9)
  8 deep elf zephyrmancers (D:14)
  13 ugly things
  5 orc sorcerers (Orc:2)
  7 deep elf pyromancers
  4 manticores
  9 harpies (Shoals:1)
  4 cyclopes
  5 black mambas
  4 elephants (Lair:1)
  A guardian serpent (Lair:2)
  3 kobold blastminers
  A merfolk siren (Shoals:1)
  An ice statue (IceCv)
  An orange demon (D:10)
  A gargoyle (D:11)
  Maggie (Lair:2)
  2 unseen horrors (D:11)
  31 cane toads
  4 rime drakes
  A freezing wraith (D:14)
  10 komodo dragons
  9 polar bears
  3 merfolk (Shoals:1)
  A wind drake (Shoals:1)
  9 trolls
  4 hornets
  Grinder (D:4)
  A raiju (shapeshifter) (D:13)
  A tyrant leech (Lair:5)
  21 blink frogs
  14 dream sheep
  25 slime creatures
  A shadow (D:12)
  Sigmund (D:4)
  2 wraiths
  4 wyverns
  A water elemental (Shoals:1)
  43 yaks
  8 wargs
  8 vampire mosquitoes
  Grum (D:9)
  4 basilisks
  3 steam dragons
  Edmund (D:4)
  11 water moccasins
  2 acid dragons
  2 sky beasts
  3 ice beasts
  47 orc warriors
  A black bear (Lair:1)
  10 ogres
  27 wolves
  6 centaurs
  3 phantoms
  A lemure (D:9)
  A kobold brigand (D:9)
  11 bullfrogs
  5 scorpions
  3 gnoll sergeants
  8 wights
  A troll zombie (D:12)
  11 killer bees
  5 electric eels
  3 howler monkeys
  A bombardier beetle (D:5)
  9 hounds
  41 orc priests
  9 jellies
  A gnoll bouda (D:8)
  Crazy Yiuf (D:3)
  Ijyb (D:5)
  26 orc wizards
  3 iguanas
  7 ogre zombies (D:12)
  A killer bee simulacrum (D:8)
  Robin (D:4)
  15 gnolls
  8 adders
  A white imp (D:7)
  An ufetubus (D:8)
  3 dart slugs
  3 ribbon worms
  114 orcs
  4 ball pythons
  10 endoplasms
  5 giant cockroaches
  3 gnoll zombies (D:12)
  17 goblins
  18 hobgoblins
  11 kobolds
  3 quokkas
  5 bats
  A frilled lizard (D:3)
  3 orc skeletons (D:12)
  19 orc zombies (D:12)
  4 rats
848 creatures vanquished.

Notes
Turn   | Place    | Note
-------+----------+-------------------------------------------
     0 | D:1      | Orlauf the Minotaur Fighter began the quest for the Orb.
     0 | D:1      | Reached XP level 1. HP: 19/19 MP: 0/0
    74 | D:1      | Reached XP level 2. HP: 27/27 MP: 1/1
    80 | D:1      | Reached skill level 3 in Axes
   147 | D:1      | Found a faded altar of an unknown god.
   517 | D:1      | Reached XP level 3. HP: 33/33 MP: 2/2
  1173 | D:2      | Reached skill level 4 in Axes
  1180 | D:2      | Reached XP level 4. HP: 34/41 MP: 3/3
  1495 | D:3      | Found a runed translucent door.
  1496 | D:3      | Noticed Crazy Yiuf
  1501 | D:3      | Killed Crazy Yiuf
  1591 | D:3      | Reached XP level 5. HP: 42/47 MP: 4/4
  1978 | D:3      | Found a glowing silver altar of Zin.
  2033 | D:3      | Reached skill level 5 in Axes
  2037 | D:3      | Reached skill level 5 in Fighting
  2037 | D:3      | Reached skill level 5 in Armour
  2315 | D:4      | Found a shadowy altar of Dithmenos.
  2343 | D:4      | Noticed Grinder
  2348 | D:4      | Killed Grinder
  2349 | D:4      | Reached skill level 6 in Axes
  2349 | D:4      | Reached XP level 6. HP: 56/56 MP: 5/5
  2372 | D:4      | Noticed Sigmund
  2376 | D:4      | Killed Sigmund
  2377 | D:4      | Reached skill level 7 in Axes
  2377 | D:4      | Reached XP level 7. HP: 61/62 MP: 6/6
  2629 | D:4      | Got the Precepts of Ensnaring Mustering
  2774 | D:4      | Noticed a yak
  2775 | D:4      | Noticed a yak
  2775 | D:4      | Noticed a yak
  2788 | D:4      | Killed a yak
  2789 | D:4      | Reached skill level 8 in Axes
  2790 | D:4      | Killed a yak
  2791 | D:4      | Reached XP level 8. HP: 71/71 MP: 7/7
  2857 | D:4      | Noticed Robin
  2866 | D:4      | Killed Robin
  3130 | D:4      | Noticed Edmund
  3141 | D:4      | Killed Edmund
  3142 | D:4      | Reached skill level 9 in Axes
  3198 | D:5      | Entered Level 5 of the Dungeon
  3453 | D:5      | Reached skill level 10 in Axes
  3496 | D:5      | Found an iron altar of Okawaru.
  3596 | D:5      | Noticed Ijyb
  3605 | D:5      | Killed Ijyb
  3613 | D:5      | Found a hazy altar of Hepliaklqana.
  3675 | D:5      | Reached XP level 9. HP: 77/81 MP: 8/8
  3868 | D:5      | Found an ornate altar of the Wu Jian Council.
  3970 | D:5      | Became a worshipper of Warmaster Okawaru
  4276 | D:6      | Reached skill level 1 in Invocations
  4504 | D:6      | Found a transporter.
  4737 | D:6      | Found a staircase to the Ecumenical Temple.
  4805 | D:6      | Found a transporter.
  4886 | D:7      | Found a shadowy altar of Dithmenos.
  5028 | D:7      | Reached * piety under Okawaru
  5036 | D:7      | Reached skill level 11 in Axes
  5246 | D:7      | Found a shimmering altar of Xom.
  5834 | D:7      | Identified a scroll of acquirement
  5834 | D:7      | Acquired the ring of the Thirsty Geomancers {Fly Str+4}
  5882 | D:8      | Noticed a polar bear
  5892 | D:8      | Killed a polar bear
  5892 | D:8      | Reached ** piety under Okawaru
  5930 | D:8      | Noticed a two-headed ogre
  5933 | D:8      | Reached XP level 10. HP: 54/91 MP: 11/11
  5936 | D:8      | Reached skill level 12 in Axes
  6213 | D:8      | Killed a two-headed ogre
  6213 | D:8      | Reached *** piety under Okawaru
  6490 | D:8      | Reached skill level 13 in Axes
  6547 | D:8      | Found Ogeunabo's Book Shop.
  6672 | D:8      | Reached **** piety under Okawaru
  6673 | D:8      | Reached skill level 10 in Fighting
  6673 | D:8      | Reached skill level 10 in Armour
  7076 | D:9      | Found a staircase to the Lair.
  7086 | D:9      | Reached skill level 5 in Invocations
  7315 | D:9      | Reached ***** piety under Okawaru
  7316 | D:9      | Reached XP level 11. HP: 101/101 MP: 13/13
  7476 | D:9      | Reached skill level 14 in Axes
  7498 | D:9      | Noticed Pikel
  7502 | D:9      | Killed Pikel
  7571 | D:9      | Found an opulent altar of Gozag.
  7712 | D:9      | Noticed Harold
  7717 | D:9      | Killed Harold
  7786 | D:9      | Found an ancient bone altar of Kikubaaqudgha.
  7786 | D:9      | Found a blossoming altar of Fedhas.
  7831 | D:9      | Noticed Grum
  7847 | D:9      | Killed Grum
  8229 | D:10     | Entered Level 10 of the Dungeon
  8237 | D:10     | Found a hide-covered altar of Uskayaw.
  8238 | D:10     | Noticed a +0 dagger
  8241 | D:10     | Noticed a +0 dagger
  8247 | D:10     | Noticed Sonja
  8256 | D:10     | Sonja changed into Sonja the ice beast
  8256 | D:10     | Noticed Sonja
  8259 | D:10     | Killed Sonja the ice beast
  8385 | D:10     | Noticed Amaemon
  8395 | D:10     | Killed Amaemon
  8741 | D:10     | Paralysed by a hornet for 2 turns
  9309 | D:10     | Noticed a two-headed ogre
  9313 | D:10     | Killed a two-headed ogre
  9393 | D:11     | Reached skill level 15 in Axes
  9474 | D:11     | Noticed a boulder beetle
  9497 | D:11     | Killed a boulder beetle
  9725 | D:11     | Noticed a two-headed ogre
  9732 | D:11     | Reached ****** piety under Okawaru
  9735 | D:11     | Killed a two-headed ogre
  9735 | D:11     | Received a gift from Okawaru
  9824 | D:11     | Found Lauchabb's Antique Armour Shop.
  9884 | D:11     | Reached XP level 12. HP: 104/110 MP: 16/16
  9884 | D:11     | Acquired a +4 broad axe of electrocution
  9884 | D:11     | Received a gift from Okawaru
 10105 | Lair:1   | Entered Level 1 of the Lair of Beasts
 10306 | Lair:1   | Reached skill level 16 in Axes
 10483 | Lair:1   | Received a gift from Okawaru
 11117 | Lair:1   | Noticed a catoblepas
 11122 | Lair:1   | Killed a catoblepas
 11234 | Lair:2   | Received a gift from Okawaru
 11566 | Lair:2   | Reached skill level 17 in Axes
 11923 | Lair:2   | Reached XP level 13. HP: 119/119 MP: 18/18
 11983 | Lair:2   | Noticed Maggie
 11989 | Lair:2   | Killed Maggie
 12175 | Lair:2   | Found a staircase to the Snake Pit.
 12616 | Lair:3   | Found a staircase to the Shoals.
 12625 | Lair:3   | Received a gift from Okawaru
 12631 | Lair:3   | Found an opulent altar of Gozag.
 12676 | Lair:3   | Found a frozen archway.
 12685 | IceCv    | Entered an ice cave
 12978 | IceCv    | Identified the ring "Meurukli" {rF+ EV+5 Str-3 Int+2}
 13099 | IceCv    | Reached skill level 18 in Axes
 13520 | IceCv    | Noticed a frost giant
 13538 | IceCv    | Killed a frost giant
 13553 | IceCv    | Received a gift from Okawaru
 14056 | Lair:3   | HP: 3/123 [skyshark (14)]
 15066 | Lair:4   | Received a gift from Okawaru
 15067 | Lair:4   | Reached XP level 14. HP: 109/132 MP: 20/20
 15288 | Lair:4   | Reached skill level 10 in Invocations
 15379 | Lair:4   | Found a viscous altar of Jiyva.
 15382 | Lair:4   | Found a staircase to the Slime Pits.
 15436 | Lair:4   | Reached skill level 19 in Axes
 15598 | Lair:5   | Entered Level 5 of the Lair of Beasts
 16070 | Lair:5   | Received a gift from Okawaru
 16204 | Lair:5   | Identified the +5 ring mail of Failure {*Corrode +Inv rPois
                  | Int+4}
 16421 | Lair:5   | Received a gift from Okawaru
 17144 | D:12     | Found a staircase to the Orcish Mines.
 17156 | D:12     | Reached skill level 20 in Axes
 17232 | D:12     | Reached skill level 15 in Armour
 17249 | D:12     | Reached skill level 15 in Fighting
 17434 | D:12     | Found a portal to a secret trove of treasure.
 17671 | D:12     | Acquired 773 gold pieces
 17823 | D:13     | Received a gift from Okawaru
 18141 | D:13     | Reached XP level 15. HP: 104/141 MP: 22/22
 19011 | D:14     | Received a gift from Okawaru
 19088 | D:14     | Found a gate to the Vaults.
 19201 | D:14     | Reached skill level 21 in Axes
 19206 | D:14     | Received a gift from Okawaru
 19509 | D:14     | Identified the +0 ring mail of the Hecatoncheires {rElec
                  | rPois}
 19886 | Orc:1    | Entered Level 1 of the Orcish Mines
 20302 | Orc:2    | Entered Level 2 of the Orcish Mines
 20512 | Orc:2    | Found a roughly hewn altar of Beogh.
 20641 | Orc:2    | Found Posk's General Store.
 20644 | Orc:2    | Received a gift from Okawaru
 20677 | Orc:2    | Found Zuxofone's Jewellery Shoppe.
 21145 | Orc:2    | Found a staircase to the Elven Halls.
 21385 | Orc:2    | Found Xuhanid's Antique Weapon Shoppe.
 21446 | Orc:2    | Found Ojeemuxt's Antique Weapon Boutique.
 21494 | Orc:2    | Found a roughly hewn altar of Beogh.
 21588 | Orc:2    | Received a gift from Okawaru
 21948 | Orc:2    | Reached XP level 16. HP: 151/151 MP: 24/24
 22154 | Shoals:1 | Entered Level 1 of the Shoals
 22170 | Shoals:1 | Reached skill level 22 in Axes
 22476 | Shoals:1 | HP: 7/152 [merfolk impaler/+5 trident of flaming (1)]
 22478 | Shoals:1 | Succumbed to a merfolk impaler's poison

Illustrated notes

Levels and vault maps discovered:
D:1:      dpeg_arrival_round_a, layout_basic, dreamdust_ecumenical_altar_statues
D:2:      layout_rooms
D:3:      layout_rooms, mainiacjoe_overflow_tiny_flanked,
          minmay_misc_feat_more_columns, guppyfry_early_orc_mine,
          uniq_crazy_yiuf_cottage
D:4:      layout_basic, mainiacjoe_overflow_paths, uniq_sigmund, uniq_grinder,
          uniq_robin, uniq_edmund
D:5:      layout_cave_pools, nicolae_wu_jian_immortal_techniques,
          kennysheep_okawaru_gauntlet, nzn_hepliaklqana_mist_gate,
          kennysheep_boxes, uniq_ijyb
D:6:      gammafunk_cloud_chamber, layout_loops_ring, temple_hall
D:7:      layout_basic, hangedman_feature_mirror
D:8:      layout_loops_cross, serial_ice, serial_ice_f, serial_ice_h,
          serial_ice_d, serial_ice_j, serial_shops, nicolae_shop_rolling_square,
          minmay_checkerbox
D:9:      layout_rooms, grunt_temple_overflow_growth_and_decay,
          nicolae_gozag_cash_rules_everything_around_me, erik_lair_island,
          uniq_harold, uniq_pikel, uniq_grum
D:10:     layout_loops_ring, dancing_weapons_uskayaw, uniq_amaemon, uniq_sonja
D:11:     minmay_angry_zag, layout_rooms, serial_shops, shop_fountains,
          moated_statue
D:12:     layout_big_octagon, zombieorc2_lemuel, enter_trove_3,
          lightli_corner_chamber
D:13:     layout_irregular_city
D:14:     minmay_elf_outpost, layout_loops_ring, david_vaults_4,
          infiniplex_staircase_squiggle
Lair:1:   layout_long_grid, st_stairs_4, minivault_11, hibernation_bobbens
Lair:2:   layout_roguey, minmay_snake_entry_spellcaster, uniq_maggie
Lair:3:   layout_chaotic_city, shoals_dummy_entry, basic_altar,
          portal_ice_cave_entry_pillars_1, grunt_forest_stairs_basic
Lair:4:   layout_long_grid, nicolae_slime_entry_field_trip, lemuel_fruit_fields
Lair:5:   minmay_lair_end_frog_pond, layout_loops_ring, serial_bayou_shore_a
Shoals:1: layout_shoals, nicolae_shoals_mertower
Orc:1:    layout_caves
Orc:2:    pubby_orc_utopia

Skill      XL: |  1  2  3  4  5  6  7  8  9 10 11 12 13 14 15 16 |
---------------+-------------------------------------------------+-----
Axes           | 3 4 6 7 8 10 11 13 15 17 18 20 21 22 | 22.1
Armour         | 4 5 6 7 9 10 11 12 14 15 16 | 16.5
Fighting       | 4 5 6 7 9 10 11 12 14 15 16 | 16.5
Invocations    | 3 5 6 8 9 11 12 | 12.4
Shields        | |  3.6

Action                     |  1- 3 |  4- 6 |  7- 9 | 10-12 | 13-15 | 16-18 || total
---------------------------+-------+-------+-------+-------+-------+-------++-------
  Melee: War axe           |    65 |    64 |   181 |       |       |       ||   310
         Headbutt          |     7 |     6 |    42 |    63 |   220 |    11 ||   349
         Trident           |       |       |     3 |       |       |       ||     3
         Battleaxe         |       |       |    12 |   363 |   761 |    41 ||  1177
         Broad axe         |       |       |       |       |   136 |       ||   136
         Mace              |       |       |       |       |    10 |       ||    10
         Demon whip        |       |       |       |       |     9 |       ||     9
  Throw: Dart              |       |       |       |     2 |     1 |       ||     3
 Invoke: Receive Weapon    |       |       |       |     1 |       |       ||     1
         Heroism           |       |       |       |       |     2 |     1 ||     3
         Finesse           |       |       |       |       |       |     1 ||     1
  Evoke: Wand              |       |       |     2 |     6 |     7 |     5 ||    20
    Use: Scroll            |     1 |     4 |    12 |     8 |     6 |     1 ||    32
         Potion            |       |     1 |     2 |     2 |     5 |     3 ||    13
 Armour: Scale mail        |    53 |    39 |       |       |       |       ||    92
         Plate armour      |       |    18 |   150 |   386 |   755 |   124 ||  1433
  Dodge: Dodged            |    27 |    28 |   107 |   173 |   326 |    44 ||   705
  Block: Buckler           |    11 |       |       |       |       |       ||    11

Table legend: (Time is in decaauts)
 A = Elapsed time spent in this place.
 B = Non-inter-level travel time spent in this place.
 C = Inter-level travel time spent in this place.
 D = Time resting spent in this place.
 E = Time spent auto-exploring this place.
 F = Levels seen in this place.
 G = Mean time per level.
                   A        B        C        D        E       F      G
               +--------+--------+--------+--------+--------+-----+--------+
         Total |  22251 |  21265 |    986 |   1540 |  15998 |  23 |  967.4 |
       Dungeon |  13056 |  12435 |    621 |    504 |   9903 |  14 |  932.6 |
          Lair |   5777 |   5493 |    284 |    930 |   3638 |   5 | 1155.4 |
        Shoals |    246 |    246 |      0 |      0 |    160 |   1 |  246.0 |
  Orcish Mines |   2060 |   1980 |     80 |    106 |   1430 |   2 | 1030.0 |
      Ice Cave |   1111 |   1111 |      0 |      0 |    867 |   1 | 1111.0 |
               +--------+--------+--------+--------+--------+-----+--------+

Top non-repeatable levels by time:
   Orc:2: 1585 daAuts
  Lair:2: 1376 daAuts
  Lair:3: 1320 daAuts
     D:9: 1239 daAuts
    D:10: 1222 daAuts
    D:14: 1222 daAuts
     D:8: 1198 daAuts
  Lair:5: 1151 daAuts
   IceCv: 1111 daAuts
  Lair:1: 1062 daAuts
     D:7: 985 daAuts
     D:1: 945 daAuts
     D:4: 891 daAuts
     D:6: 886 daAuts
  Lair:4: 866 daAuts
